 Dungeon Crawl Stone Soup version 0.28-a0-750-g7c675f85b1 (webtiles) character file.

Game seed: 14086325988878627579

55 ytrimaz the Ducker (level 3, -1/27 HPs)
             Began as a Demonspawn Gladiator on Oct 29, 2021.
             Slain by an orc (8 damage)
             ... on level 2 of the Dungeon.
             The game lasted 00:02:17 (1264 turns).

ytrimaz the Ducker (Demonspawn Gladiator)           Turns: 1264, Time: 00:02:18

Health: -1/27      AC: 13    Str: 15    XL:     3   Next: 67%
Magic:  0/3        EV:  5    Int:  9    God:
Gold:   5          SH:  0    Dex: 14    Spells: 2/2 levels left

rFire   . . .      SeeInvis .   a - +0 war axe
rCold   . . .      Faith    .   (no shield)
rNeg    . . .      Spirit   +   f - +0 plate armour
rPois   .          Reflect  .   c - +0 helmet
rElec   .          Harm     .   (no cloak)
rCorr   .          Rampage  .   (no gloves)
Will    .....                   (no boots)
Stlth   ..........              g - amulet of guardian spirit
HPRegen 0.09/turn               (no ring)
MPRegen 0.08/turn               (no ring)

@: no status effects
A: slimy green scales 1, foul stench 1
a: no special abilities


You were on level 2 of the Dungeon.
You visited 1 branch of the dungeon, and saw 2 of its levels.

You collected 5 gold pieces.

Inventory:

Hand Weapons
 a - a +0 war axe (weapon)
Missiles
 d - 3 throwing nets (quivered)
Armour
 c - a +0 helmet (worn)
 f - a +0 plate armour (worn)
Jewellery
 g - an amulet of guardian spirit (around neck)
Scrolls
 h - a scroll of teleportation
 i - a scroll of noise
 j - a scroll of fog {unknown}
Potions
 b - a potion of brilliance {unknown}
 e - 2 potions of lignification {unknown}


   Skills:
 + Level 2.1 Fighting
 + Level 3.2 Axes
 + Level 1.8 Throwing
 + Level 0.8 Armour
 + Level 3.5 Dodging
 + Level 0.1 Stealth


You had 2 spell levels left.
You didn't know any spells.
Your spell library contained the following spells:

 Spells                   Type           Power      Damage    Failure   Level
 Ensorcelled Hibernation  Hex/Ice        0%         N/A       100%        2
 Spider Form              Tmut/Pois      0%         N/A       100%        3


Dungeon Overview and Level Annotations

Branches:
Dungeon (2/15)

Altars:


Innate Abilities, Weirdness & Mutations

You are partially covered in slimy green scales. (AC +2)
You may rarely emit foul miasma when damaged in melee.


Message History

You closely miss the orc.
You hit the orc priest but do no damage.
You barely miss the ball python.
The ball python bites you but does no damage.
The ball python constricts you. The orc hits you but does no damage.
The orc priest hits you but does no damage.
You closely miss the orc priest. You barely miss the orc.
You hit the endoplasm. You slash the ball python!
You kill the ball python!
The orc hits you but does no damage.
The endoplasm hits you but does no damage.
The orc priest hits you but does no damage.
The orc hits you but does no damage.
You hit the orc priest.
The orc priest is heavily wounded.
You hit the orc. You completely miss the endoplasm. You closely miss the orc.
The endoplasm hits you but does no damage.
The orc hits you but does no damage.
The orc priest hits you but does no damage.
The orc hits you with a +0 club. The orc hits you with a +0 war axe.
The endoplasm freezes you.
You are frozen.
The orc priest hits you but does no damage.
Your plate armour prevents you from hitting the orc priest.
The orc priest is heavily wounded.
You hit the orc. You slash the endoplasm!
You kill the endoplasm!
You hit the orc.
You kill the orc!
The orc hits you with a +0 war axe.
The orc priest mumbles some strange prayers to Beogh against you.
Pain shoots through your body!
* * * LOW HITPOINT WARNING * * *
You slash the orc priest!
The orc priest is almost dead.
You hit the orc. The orc hits you with a +0 war axe.
* * * LOW HITPOINT WARNING * * *
The orc priest casts a cantrip, but nothing happens.
The orc hits you with a +0 war axe!
You die...

.....###....
...........#
...........# ..
...........#...
. .........#...
.. #...........
... #<..)o......
....#...@o......
...............>
................
.......<#.#+#...
.#....#.#.# $.
+....#...# #
#... ##... .....
... .... ....


You could see an orc priest and an orc.

Vanquished Creatures
  A gnoll (D:1)
  A dart slug (D:1)
  An orc (D:2)
  2 ball pythons
  2 endoplasms
  5 giant cockroaches
  7 goblins (D:1)
  2 hobgoblins (D:1)
  4 jackals (D:1)
  3 kobolds (D:1)
  A quokka (D:1)
  2 bats (D:1)
  A frilled lizard (D:1)
  4 rats (D:1)
36 creatures vanquished.

Vanquished Creatures (others)
  10 plants (D:1)
10 creatures vanquished.

Grand Total: 46 creatures vanquished

Notes
Turn   | Place    | Note
-------+----------+-------------------------------------------
     0 | D:1      | ytrimaz the Demonspawn Gladiator began the quest for the
                  | Orb.
     0 | D:1      | Reached XP level 1. HP: 16/16 MP: 1/1
   165 | D:1      | Gained mutation: You may rarely emit foul miasma when
                  | damaged in melee. [demonic ancestry]
   165 | D:1      | Reached XP level 2. HP: 21/22 MP: 2/2
   511 | D:1      | Gained mutation: You are partially covered in slimy green
                  | scales. (AC +2) [demonic ancestry]
   511 | D:1      | Reached XP level 3. HP: 17/27 MP: 3/3
  1122 | D:1      | Found a faded altar of an unknown god.
  1264 | D:2      | Slain by an orc

Illustrated notes

Levels and vault maps discovered:
D:1:      arrival_zaba_pyramid, layout_loops_ring, serial_aquarium,
          aquarium_bridge_straight [aquarium_subvault_bridge,
          aquarium_subvault_wall, aquarium_subvault_bridge,
          aquarium_subvault_window], aquarium_window_2, aquarium_window_corner,
          aquarium_window_corridor_3, aquarium_window_corner, aquarium_view_2d,
          aquarium_view_2f, aquarium_balcony_1b, aquarium_pool_corner,
          dilly_ecumenical_altar_fadedgnrine, minmay_pentomino_s4
D:2:      layout_basic, basic_altar, uniq_crazy_yiuf_cottage

Skill      XL: |  1  2  3 |
---------------+----------+-----
Dodging        | 3 |  3.5
Axes           | 3 |  3.2
Fighting       | |  2.1
Throwing       | |  1.8
Armour         | |  0.8
Stealth        | |  0.1

Action                   || total
-------------------------++-------
Melee: War axe           ||    85
  Use: Scroll            ||     4
Armor: Leather armour    ||    20
       Plate armour      ||    38
Dodge: Dodged            ||    53

Table legend: (Time is in decaauts)
 A = Elapsed time spent in this place.
 B = Non-inter-level travel time spent in this place.
 C = Inter-level travel time spent in this place.
 D = Time resting spent in this place.
 E = Time spent auto-exploring this place.
 F = Levels seen in this place.
 G = Mean time per level.
                   A        B        C        D        E       F      G
               +--------+--------+--------+--------+--------+-----+--------+
         Total |   1293 |   1249 |     44 |      0 |    952 |   2 |  646.5 |
       Dungeon |   1293 |   1249 |     44 |      0 |    952 |   2 |  646.5 |
               +--------+--------+--------+--------+--------+-----+--------+

Top non-repeatable levels by time:
     D:1: 1278 daAuts
     D:2: 14 daAuts
